General information
- name: BNet
- type: Ladder team game (AT/RT)
- host: Battle.net
- saver: BEAR_AND
map: Goldshire
- players: 4
- length: 25:40
- speed: Fast
- version: 1.26 W3XP
- replay type:

» download(186 KB)
Players
team 1 (loser)

»
BornedToBeHuMAn (
teal | 104 APM | 2657 actions | 25:39)
4 Demon Hunter
2 Mana Burn
2 Evasion
» actions
| Assign group hotkey | 33 | |
| Basic commands | 214 | |
| Build / train | 86 | |
| ESC pressed | 2 | |
| Enter build submenu | 50 | |
| Enter hero's abilities submenu | 4 | |
| Right click | 1190 | |
| Select / deselect | 593 | |
| Select group hotkey | 364 | |
| Use ability | 121 | |
2657 total
» units
| Wisp | 46 | |
| Huntress | 3 | |
| Glaive Thrower | 15 | |
64 total
» upgrades
» buildings
| Altar of Elders | 1 | |
| Moon Well | 7 | |
| Hunter's Hall | 2 | |
| Ancient of War | 6 | |
| Ancient Protector | 19 | |
| Tree of Life | 4 | |
| Tree of Ages | 1 | |
40 total
» build order
00:07 Altar of Elders
00:12 Moon Well
00:23 Moon Well
01:23 Hunter's Hall
01:58 Ancient of War
02:09 Moon Well
03:51 Moon Well
04:19 Ancient of War
04:38 Ancient Protector
04:41 Ancient Protector
05:05 Tree of Life
07:04 Moon Well
07:35 Ancient of War
07:37 Ancient of War
08:20 Ancient of War
09:40 Ancient of War
11:25 Moon Well
12:00 Tree of Ages
12:46 Moon Well
14:27 Ancient Protector
15:40 Ancient Protector
15:42 Ancient Protector
16:33 Ancient Protector
16:36 Ancient Protector
17:18 Tree of Life
17:26 Tree of Life
17:31 Hunter's Hall
18:46 Ancient Protector
18:49 Ancient Protector
18:51 Ancient Protector
18:56 Ancient Protector
19:22 Tree of Life
19:32 Ancient Protector
19:36 Ancient Protector
19:51 Ancient Protector
19:54 Ancient Protector
22:23 Ancient Protector
22:28 Ancient Protector
24:00 Ancient Protector
24:59 Ancient Protector
» items
| Potion of Healing | 3 | |
| Scroll of Regeneration | 1 | |
| Lesser Clarity Potion | 2 | |
| Orb of Fire | 1 | |
| Ivory Tower | 5 | |
12 total

»
ilovegirls (
orange | 168 APM | 4296 actions | 25:29)
4 Mountain King
2 Storm Bolt
2 Bash
3 Paladin
2 Holy Light
1 Divine Shield
» actions
| Assign group hotkey | 31 | |
| Basic commands | 54 | |
| Build / train | 104 | |
| ESC pressed | 4 | |
| Enter build submenu | 32 | |
| Enter hero's abilities submenu | 7 | |
| Give item / drop item | 2 | |
| Remove unit from queue | 1 | |
| Right click | 1459 | |
| Select / deselect | 559 | |
| Select group hotkey | 1872 | |
| Use ability | 171 | |
4296 total
» units
| Peasant | 8 | |
| Footman | 4 | |
| Rifleman | 6 | |
| Priest | 5 | |
| Mortar Team | 4 | |
| Flying Machine | 1 | |
| Dragonhawk Rider | 8 | |
36 total
» upgrades
| Gunpowder | 3 | |
| Long Rifles | 1 | |
| Priest Training | 2 | |
| Flare | 1 | |
| Armor | 2 | |
| Lumber Harvesting | 1 | |
| Fragmentation Shards | 1 | |
| Cloud | 1 | |
12 total
» buildings
| Altar of Kings | 1 | |
| Farm | 9 | |
| Barracks | 1 | |
| Scout Tower | 6 | |
| Arcane Tower | 5 | |
| Lumber Mill | 1 | |
| Blacksmith | 1 | |
| Arcane Vault | 2 | |
| Keep | 5 | |
| Arcane Sanctum | 1 | |
| Workshop | 1 | |
| Castle | 2 | |
| Gryphon Aviary | 4 | |
| Guard Tower | 4 | |
| Cannon Tower | 1 | |
| Town Hall | 1 | |
45 total
» build order
00:07 Altar of Kings
00:21 Farm
00:25 Barracks
00:30 Farm
01:36 Scout Tower
02:08 Arcane Tower
02:09 Arcane Tower
02:09 Arcane Tower
02:37 Farm
02:43 Lumber Mill
02:46 Blacksmith
03:13 Arcane Vault
04:30 Keep
04:30 Keep
04:30 Keep
05:03 Farm
06:40 Farm
07:16 Arcane Sanctum
07:18 Workshop
08:04 Farm
09:35 Farm
11:39 Farm
11:57 Arcane Tower
12:48 Castle
12:48 Castle
13:44 Arcane Vault
14:46 Scout Tower
14:58 Gryphon Aviary
15:03 Gryphon Aviary
16:51 Guard Tower
16:54 Scout Tower
17:33 Guard Tower
17:36 Scout Tower
17:39 Gryphon Aviary
17:42 Gryphon Aviary
18:09 Cannon Tower
19:11 Farm
19:35 Scout Tower
19:47 Town Hall
21:29 Guard Tower
22:47 Scout Tower
» items
| Scroll of Regeneration | 5 | |
| Potion of Healing | 4 | |
| Boots of Speed | 1 | |
| Lesser Clarity Potion | 1 | |
| Ivory Tower | 1 | |
| Potion of Mana | 3 | |
| Scroll of Town Portal | 2 | |
| Orb of Fire | 1 | |
18 total
team 2 (winner)
BEAR_AND (
blue | 155 APM | 3971 actions | 25:40)
4 Archmage
2 Blizzard
2 Brilliance Aura
3 Mountain King
2 Storm Bolt
1 Bash
1 Paladin
1 Holy Light
» actions
| Assign group hotkey | 11 | |
| Basic commands | 16 | |
| Build / train | 134 | |
| Enter build submenu | 82 | |
| Enter hero's abilities submenu | 8 | |
| Give item / drop item | 2 | |
| Right click | 2670 | |
| Select / deselect | 512 | |
| Select group hotkey | 293 | |
| Use ability | 243 | |
3971 total
» units
» upgrades
| Masonry | 3 | |
| Magic Sentry | 1 | |
| Animal War Training | 1 | |
5 total
» buildings
| Altar of Kings | 1 | |
| Farm | 5 | |
| Lumber Mill | 1 | |
| Scout Tower | 79 | |
| Arcane Tower | 9 | |
| Guard Tower | 47 | |
| Keep | 2 | |
| Arcane Vault | 1 | |
| Castle | 3 | |
| Arcane Sanctum | 1 | |
| Town Hall | 1 | |
| Gryphon Aviary | 2 | |
| Blacksmith | 1 | |
| Barracks | 1 | |
154 total
» build order
00:10 Altar of Kings
00:20 Farm
00:34 Lumber Mill
01:24 Scout Tower
01:27 Scout Tower
01:43 Scout Tower
01:50 Farm
01:53 Arcane Tower
01:57 Arcane Tower
01:57 Arcane Tower
02:01 Scout Tower
02:11 Scout Tower
02:29 Guard Tower
02:41 Guard Tower
02:50 Scout Tower
03:06 Scout Tower
03:23 Guard Tower
03:25 Scout Tower
03:25 Scout Tower
03:44 Guard Tower
03:45 Scout Tower
03:46 Scout Tower
03:56 Guard Tower
04:15 Guard Tower
04:18 Guard Tower
04:24 Scout Tower
04:27 Scout Tower
04:29 Scout Tower
04:31 Scout Tower
04:37 Scout Tower
04:55 Guard Tower
04:59 Scout Tower
05:26 Guard Tower
05:28 Keep
05:28 Keep
05:33 Arcane Tower
05:33 Guard Tower
05:40 Guard Tower
05:40 Guard Tower
05:40 Guard Tower
05:40 Guard Tower
05:51 Scout Tower
05:51 Scout Tower
05:54 Farm
05:55 Farm
06:09 Guard Tower
07:02 Scout Tower
07:03 Scout Tower
07:09 Guard Tower
07:11 Scout Tower
07:11 Scout Tower
07:40 Guard Tower
07:43 Guard Tower
07:54 Scout Tower
07:55 Scout Tower
07:55 Scout Tower
07:56 Scout Tower
08:12 Scout Tower
08:15 Scout Tower
08:16 Scout Tower
08:21 Arcane Vault
08:22 Castle
08:22 Castle
08:26 Farm
08:33 Guard Tower
08:34 Guard Tower
09:13 Guard Tower
10:22 Scout Tower
10:23 Scout Tower
11:27 Scout Tower
11:27 Scout Tower
11:28 Scout Tower
11:28 Scout Tower
11:35 Scout Tower
11:36 Scout Tower
11:36 Scout Tower
11:36 Scout Tower
12:15 Guard Tower
12:33 Guard Tower
12:40 Scout Tower
12:41 Scout Tower
12:41 Scout Tower
12:42 Scout Tower
12:42 Scout Tower
13:09 Guard Tower
13:09 Guard Tower
13:10 Guard Tower
13:10 Guard Tower
13:44 Arcane Sanctum
14:01 Guard Tower
14:03 Scout Tower
14:04 Scout Tower
14:04 Scout Tower
14:37 Guard Tower
14:59 Guard Tower
15:36 Scout Tower
15:38 Scout Tower
15:51 Scout Tower
15:52 Scout Tower
16:07 Arcane Tower
16:41 Scout Tower
16:42 Arcane Tower
16:53 Arcane Tower
16:57 Scout Tower
17:29 Arcane Tower
17:37 Guard Tower
17:39 Scout Tower
17:39 Scout Tower
17:40 Guard Tower
17:43 Scout Tower
18:10 Guard Tower
19:03 Guard Tower
19:05 Scout Tower
19:06 Scout Tower
19:07 Scout Tower
19:07 Scout Tower
19:30 Town Hall
19:35 Scout Tower
19:35 Scout Tower
19:36 Scout Tower
19:37 Scout Tower
19:40 Scout Tower
19:40 Scout Tower
19:42 Scout Tower
19:42 Scout Tower
20:20 Gryphon Aviary
21:09 Guard Tower
21:09 Guard Tower
21:10 Guard Tower
21:15 Guard Tower
21:18 Guard Tower
21:24 Scout Tower
21:25 Scout Tower
21:27 Scout Tower
21:31 Guard Tower
21:34 Guard Tower
22:05 Guard Tower
22:07 Gryphon Aviary
22:08 Blacksmith
22:09 Barracks
22:50 Scout Tower
22:51 Scout Tower
24:04 Guard Tower
25:00 Scout Tower
25:01 Scout Tower
25:02 Scout Tower
25:02 Scout Tower
25:03 Scout Tower
» items
| Healing Salve | 4 | |
| Lesser Clarity Potion | 6 | |
| Staff of Sanctuary | 2 | |
| Orb of Lightning | 3 | |
| Potion of Healing | 1 | |
| Scroll of Regeneration | 1 | |
17 total
TIMG4STROK (
green | 112 APM | 2878 actions | 25:40)
4 Blademaster
2 Wind Walk
2 Critical Strike
» actions
| Assign group hotkey | 13 | |
| Basic commands | 3 | |
| Build / train | 65 | |
| ESC pressed | 2 | |
| Enter build submenu | 49 | |
| Enter hero's abilities submenu | 4 | |
| Right click | 1864 | |
| Select / deselect | 217 | |
| Select group hotkey | 483 | |
| Use ability | 178 | |
2878 total
» units
» upgrades
| Spiked Barricades | 1 | |
| Liquid Fire | 1 | |
| Ranged Weapons | 3 | |
| Armor | 2 | |
| Troll Regeneration | 1 | |
8 total
» buildings
| Altar of Storms | 1 | |
| Orc Burrow | 4 | |
| War Mill | 1 | |
| Watch Tower | 36 | |
| Voodoo Lounge | 2 | |
| Stronghold | 1 | |
| Fortress | 1 | |
| Beastiary | 3 | |
| Barracks | 1 | |
50 total
» build order
00:04 Altar of Storms
00:17 Orc Burrow
00:39 War Mill
01:50 Watch Tower
01:56 Watch Tower
03:11 Watch Tower
03:15 Orc Burrow
03:18 Watch Tower
03:26 Voodoo Lounge
04:25 Watch Tower
04:33 Watch Tower
04:46 Voodoo Lounge
05:30 Watch Tower
05:37 Watch Tower
05:56 Stronghold
06:21 Watch Tower
06:25 Orc Burrow
06:34 Watch Tower
06:41 Watch Tower
07:38 Watch Tower
07:41 Watch Tower
08:18 Watch Tower
08:20 Fortress
08:45 Watch Tower
08:52 Watch Tower
09:40 Watch Tower
09:42 Beastiary
09:44 Beastiary
09:44 Beastiary
10:24 Watch Tower
11:41 Watch Tower
12:42 Watch Tower
13:48 Watch Tower
15:46 Watch Tower
17:31 Watch Tower
17:43 Orc Burrow
18:48 Watch Tower
19:53 Watch Tower
20:05 Barracks
20:33 Watch Tower
20:34 Watch Tower
21:21 Watch Tower
21:27 Watch Tower
21:34 Watch Tower
21:35 Watch Tower
21:37 Watch Tower
22:52 Watch Tower
24:24 Watch Tower
24:25 Watch Tower
24:25 Watch Tower
» items
| Staff of Teleportation | 1 | |
| Boots of Speed | 1 | |
| Healing Salve | 3 | |
| Lesser Clarity Potion | 11 | |
| Potion of Healing | 1 | |
| Orb of Lightning | 3 | |
| Scroll of Regeneration | 1 | |
21 total
Chat log
(00:13 / All) TIMG4STROK: hi all good lucks
(01:51 / All) ilovegirls: hi :)
(01:58 / All) TIMG4STROK: hi!!
(01:59 / All) ilovegirls: go?
(01:59 / All) TIMG4STROK: whats your mother's maiden name
(02:04 / All) TIMG4STROK: please
(02:05 / All) BornedToBeHuMAn: iron maiden
(02:08 / All) TIMG4STROK: we need to get to know each other
(02:17 / All) ilovegirls: come to mid
(02:21 / All) TIMG4STROK: OK
(02:44 / All) BornedToBeHuMAn: why this?
(03:57 / All) BornedToBeHuMAn: you have time to waste i se
(03:58 / All) BornedToBeHuMAn: E
(04:01 / All) TIMG4STROK: ?
(04:04 / All) BEAR_AND: it's 9:30!
(04:05 / All) TIMG4STROK: how do you feel about this
(04:05 / All) TIMG4STROK: take this time to reflect on this game
(04:06 / All) BornedToBeHuMAn: boring
(04:12 / All) BEAR_AND: boring2behuman
(04:21 / All) TIMG4STROK: boringed2behuman
(09:25 / All) TIMG4STROK: oops
(11:11 / All) BornedToBeHuMAn: oopps
(18:27 / All) BornedToBeHuMAn: you find it funny?
(21:04 / All) BornedToBeHuMAn: whats your problem?
(21:06 / All) BornedToBeHuMAn: no skill?
(21:11 / All) BornedToBeHuMAn: lets talk about it
(21:20 / All) BornedToBeHuMAn: you can play with computer easy at first
(21:22 / All) ilovegirls: noob
(21:24 / All) BornedToBeHuMAn: then normal etc..
(21:37 / All) BornedToBeHuMAn: you will learn how to play
(23:58 / All) TIMG4STROK: oops
(24:02 / All) ilovegirls: noob
(24:11 / All) ilovegirls: mh noob
(25:03 / All) ilovegirls: ok
(25:05 / All) ilovegirls: nice tower
(25:09 / All) ilovegirls: make now
(25:09 / All) TIMG4STROK: bye
(25:18 / All) ilovegirls: in the next game
(25:20 / All) ilovegirls: start
(25:21 / All) TIMG4STROK: ok
(25:21 / All) BEAR_AND: lol
(25:25 / All) TIMG4STROK: see you thewre
(25:28 / All) ilovegirls: cya noobssssssssss
(25:34 / All) BEAR_AND: http://highper.ch/
(25:38 / All) BornedToBeHuMAn: fuck your mothers plz its better than this